 Dungeon Crawl Stone Soup version 0.22-a0-392-g5dc3fd9 (webtiles) character file.

196 Fang the Chopper (level 5, -3/33 HPs)
             Began as a Gargoyle Berserker on May 1, 2018.
             Was a Priest of Trog.
             Slain by a worker ant (6 damage)
             ... on level 5 of the Dungeon.
             The game lasted 00:05:16 (3014 turns).

Fang the Chopper (Gargoyle Berserker)               Turns: 3014, Time: 00:05:17

Health: -3/33      AC:  7    Str: 21    XL:     5   Next: 74%
Magic:  5/5        EV: 12    Int:  8    God:    Trog [***...]
Gold:   166        SH:  0    Dex:  9    Spells: 4/4 levels left

rFire    . . .     SeeInvis .   a - +1 hand axe
rCold    . . .     Gourm    .   (no shield)
rNeg     + . .     Faith    .   b - +1 animal skin
rPois    ∞         Spirit   .   (no helmet)
rElec    +         Reflect  .   (no cloak)
rCorr    .         Harm     .   (no gloves)
MR       .....                  (no boots)
Stlth    +.........             (no amulet)
HPRegen  0.11/turn              n - ring of wizardry
MPRegen  0.09/turn              (no ring)

@: no status effects
A: negative energy resistance 1, electricity resistance, unbreathing,
petrification resistance, rot immunity, AC +4
a: Berserk, Trog's Hand, Renounce Religion


You were on level 5 of the Dungeon.
You worshipped Trog.
Trog was most pleased with you.
You were not hungry.

You visited 1 branch of the dungeon, and saw 5 of its levels.

You collected 166 gold pieces.

Inventory:

Hand Weapons
 a - a +1 hand axe (weapon)
Armour
 b - a +1 animal skin (worn)
Jewellery
 n - a ring of wizardry (left hand)
 p - a +3 ring of dexterity {unknown}
Scrolls
 h - 2 scrolls of remove curse
 o - a scroll of fog
 q - a scroll of teleportation
Potions
 d - a potion of might
 e - a potion of flight
 f - a potion of heal wounds
 g - 2 potions of resistance
 i - 2 potions of lignification {unknown}
 j - 3 potions of agility {unknown}
 k - a potion of curing {unknown}
 l - a potion of berserk rage {unknown}
 m - a potion of degeneration {unknown}
Comestibles
 c - 8 rations


   Skills:
 + Level 4.0 Fighting
 + Level 4.4 Axes
 + Level 2.2 Armour
 + Level 3.0 Dodging
 + Level 0.3 Stealth


You had 4 spell levels left.
You didn't know any spells.

Dungeon Overview and Level Annotations

Branches:
Dungeon (5/15)
 Temple: D:4-7

Altars:


Innate Abilities, Weirdness & Mutations

You are resistant to torment.
Your stone body is resilient. (AC +4)
You are immune to poison.
You resist negative energy. (rN+)
You are resistant to electric shocks. (rElec)
You can survive without breathing.
You are immune to petrification.
You are immune to rotting.


Message History

You climb downwards.
A worker ant comes into view.
The worker ant twitches its antennae in your direction.
Found 7 poisoned tomahawks and 22 stones.
There is a stone staircase leading up here.
You hit the worker ant.
The worker ant is heavily wounded.
The worker ant bites you.
* * * LOW HITPOINT WARNING * * *
You hit the worker ant.
The worker ant is almost dead.
The worker ant misses you.
You closely miss the worker ant.
The worker ant is almost dead.
The worker ant bites you.
* * * LOW HITPOINT WARNING * * *
You hit the worker ant but do no damage.
The worker ant is almost dead.
The worker ant bites you.
You die...

##########
####........#
............#
#.........#
#...a@....#
....####.####
( ... .....
(......
#.##### .# ..


You could see a worker ant.

Vanquished Creatures
  An iguana (D:4)
  6 adders
  An ooze (D:2)
  5 worms
  3 dart slugs
  12 bats
  4 giant cockroaches
  9 goblins
  11 hobgoblins
  13 jackals
  A quokka (D:2)
  2 ball pythons
  5 frilled lizards
  8 kobolds
  A leopard gecko skeleton (D:4)
  7 rats
89 creatures vanquished.

Vanquished Creatures (others)
  5 toadstools (D:1)
5 creatures vanquished.

Grand Total: 94 creatures vanquished

Notes
Turn   | Place    | Note
-------+----------+-------------------------------------------
     0 | D:1      | Fang the Gargoyle Berserker began the quest for the Orb.
     0 | D:1      | Reached XP level 1. HP: 14/14 MP: 1/1
    63 | D:1      | Reached XP level 2. HP: 7/19 MP: 2/2
   673 | D:1      | Reached XP level 3. HP: 20/24 MP: 3/3
   760 | D:1      | Reached ** piety under Trog
  1430 | D:2      | Reached XP level 4. HP: 25/29 MP: 4/4
  2339 | D:3      | Reached XP level 5. HP: 31/33 MP: 5/5
  2341 | D:3      | Reached *** piety under Trog
  3010 | D:5      | Entered Level 5 of the Dungeon
  3014 | D:5      | Slain by a worker ant

Vault maps used:
D:1:      ldierk_walled_garden, minmay_tetromino_s4
D:2:      dk_noncrumbling_3
D:3:      first_ration, minmay_liquid_box
D:4:      makhleb_grotto_becter, minmay_temple_entry_glassed_door, serial_shops,
          shop
D:5:      gammafunk_temple_overflow_elements, minmay_ogre_servants

Skill      XL: |  1  2  3  4  5 |
---------------+----------------+-----
Axes           | 3 4 |  4.4
Dodging        | 2 3 |  3.0
Fighting       | 4 |  4.0
Armour         | |  2.2
Stealth        | |  0.3

Action                   |  1- 3 |  4- 6 || total
-------------------------+-------+-------++-------
Melee: Hand axe          |   147 |   203 ||   350
  Use: Scroll            |       |    12 ||    12
 Stab: Sleeping          |     1 |       ||     1
  Eat: Chunk             |     1 |     6 ||     7
Armor: Animal skin       |    73 |    80 ||   153
Dodge: Dodged            |   169 |   139 ||   308

Table legend:
 A = Spawn XP
 B = Non-spawn XP
 C = Spawn XP percentage of total XP
 D = Spawn monster count
 E = Non-spawn monster count
 F = Spawn count percentage of total count
 G = Total turns spent on level
                    A         B        C        D         E        F      G
               +---------+---------+-------+---------+---------+-------+---------
         Total |       0 |     280 |   0.0 |       0 |      89 |   0.0 |  3014
               +---------+---------+-------+---------+---------+-------+---------
           D:1 |       0 |      58 |   0.0 |       0 |      32 |   0.0 |  1341
           D:2 |       0 |     106 |   0.0 |       0 |      33 |   0.0 |   990
           D:3 |       0 |      65 |   0.0 |       0 |      21 |   0.0 |   594
           D:4 |       0 |      51 |   0.0 |       0 |       3 |   0.0 |    85
               +---------+---------+-------+---------+---------+-------+---------
